 Dungeon Crawl Stone Soup version 0.28-a0-537-g3bccd9ccbf (webtiles) character file.

Game seed: 6025987387782682234

94 Tocho the Cutter (level 4, 0/33 HPs)
             Began as a Vampire Gladiator on Sept 27, 2021.
             Succumbed to a scorpion's poison
             ... on level 3 of the Dungeon.
             The game lasted 00:01:56 (1080 turns).

Tocho the Cutter (Vampire Gladiator)                Turns: 1080, Time: 00:01:56

Health: 0/33       AC:  5    Str: 14    XL:     4   Next: 38%
Magic:  4/4        EV: 12    Int: 10    God:
Gold:   104        SH:  0    Dex: 15    Spells: 3/3 levels left

rFire   . . .      SeeInvis +   a - +0 rapier
rCold   . . .      Faith    .   (no shield)
rNeg    . . .      Spirit   .   b - +0 leather armour
rPois   .          Reflect  .   c - +0 helmet
rElec   .          Harm     .   (no cloak)
rCorr   .          Rampage  .   (no gloves)
Will    .....                   h - +0 pair of boots
Stlth   +.........              (no amulet)
HPRegen 0.31/turn               (no ring)
MPRegen 0.09/turn               (no ring)

@: lethally poisoned (0 -> -4), attractive, healing quickly, hasted, very quick
A: alive, fangs 3, see invisible, vampiric 2
a: Exsanguinate


You were on level 3 of the Dungeon.
You visited 1 branch of the dungeon, and saw 3 of its levels.

You collected 104 gold pieces.

Inventory:

Hand Weapons
 a - a +0 rapier (weapon)
Missiles
 d - 3 throwing nets (quivered)
Armour
 b - a +0 leather armour (worn)
 c - a +0 helmet (worn)
 h - a +0 pair of boots (worn)
Scrolls
 e - 3 scrolls of identify {unknown}
 f - a scroll of noise {unknown}
 i - a scroll of vulnerability {unknown}
 j - a scroll of enchant armour {unknown}


   Skills:
 - Level 1.7 Fighting
 + Level 5.8 Short Blades
 - Level 1.5 Throwing
 - Level 3.2 Dodging


You had 3 spell levels left.
You didn't know any spells.
Your spell library contained the following spells:

 Spells                   Type           Power      Damage    Failure   Level
 Animate Skeleton         Necr           0%         N/A       43%         1
 Apportation              Tloc           0%         N/A       43%         1
 Summon Small Mammal      Summ           0%         N/A       43%         1


Dungeon Overview and Level Annotations

Branches:
Dungeon (3/15)

Altars:
Xom


Innate Abilities, Weirdness & Mutations

Your natural rate of healing is accelerated.
You have razor-sharp teeth.
You have supernaturally acute eyesight. (SInv)
You are afflicted with vampirism and can become a bat while bloodless.


Message History

You bite the scorpion, but do no damage.
You feel sick. The scorpion barely misses you.
You hit the scorpion.
The scorpion is moderately wounded.
You feel sick.
The scorpion stings you but does no damage.
You hit the scorpion but do no damage.
The scorpion is moderately wounded.
You feel sick. The scorpion stings you.
You are more poisoned.
The scorpion poisons you!
You hit the scorpion.
The scorpion is heavily wounded.
You feel sick. The scorpion stings you.
You are too injured to fight recklessly!
You are too injured to fight recklessly!
You are too injured to fight recklessly!
You are too injured to fight recklessly!
You are too injured to fight recklessly!
You are too injured to fight recklessly!
You are too injured to fight recklessly!
You are too injured to fight recklessly!
You are too injured to fight recklessly!
You are too injured to fight recklessly!
You are too injured to fight recklessly!
You are too injured to fight recklessly!
It was a potion of attraction.
You feel attractive to monsters.
You feel sick. The scorpion stings you!
* * * LOW HITPOINT WARNING * * *
The endoplasm is attracted toward you.
It was a potion of haste.
You feel yourself speed up.
* * * LOW HITPOINT WARNING * * *
You feel sick. The scorpion barely misses you.
You aren't carrying any potions.
* * * LOW HITPOINT WARNING * * *
You feel sick.
The endoplasm quivers.
The endoplasm is attracted toward you.
You die...

###.####..... #............
#............ ..
#............
.....#..........#
...............#
.##..............#.
........##.s.......
........##@#J§.####
........##.#.###
........##.#.#
........##'#.### #........
...............# #.........
.............#.# #.........
...............###.........
....#..........#...........
...............#...........


You could see a scorpion.

Vanquished Creatures
  Jessica (D:3)
  3 adders
  A worm (D:3)
  A dart slug (D:1)
  An orc (D:2)
  2 endoplasms (D:1)
  3 giant cockroaches (D:1)
  A hobgoblin (D:1)
  4 jackals (D:1)
  3 quokkas
  4 ball pythons
  3 bats
  4 frilled lizards
  3 kobolds (D:2)
  5 rats
39 creatures vanquished.

Notes
Turn   | Place    | Note
-------+----------+-------------------------------------------
     0 | D:1      | Tocho the Vampire Gladiator began the quest for the Orb.
     0 | D:1      | Reached XP level 1. HP: 16/16 MP: 1/1
    86 | D:1      | Reached XP level 2. HP: 22/22 MP: 2/2
    92 | D:1      | Reached skill level 4 in Short Blades
   355 | D:1      | Found a faded altar of an unknown god.
   684 | D:2      | Gained mutation: You are afflicted with vampirism and can
                  | become a bat while bloodless. [Vampire growth]
   684 | D:2      | Reached XP level 3. HP: 27/27 MP: 3/3
   776 | D:2      | Reached skill level 5 in Short Blades
   886 | D:2      | Found a shimmering altar of Xom.
   989 | D:3      | Noticed Jessica
   993 | D:3      | Killed Jessica
   994 | D:3      | Reached XP level 4. HP: 33/33 MP: 4/4
  1071 | D:3      | Noticed a scorpion
  1079 | D:3      | HP: 1/33 [poisoned by a scorpion]
  1080 | D:3      | Succumbed to a scorpion's poison

Illustrated notes

Levels and vault maps discovered:
D:1:      psy_arrival_dodecagon, layout_loops_ring,
          chequers_ecumenical_altar_twisty, minmay_misc_feat_roman,
          grunt_decor_one_mirror, st_stairs_9, minmay_statues_item
D:2:      layout_rooms, basic_altar
D:3:      layout_basic, uniq_jessica

Skill      XL: |  1  2  3 |
---------------+----------+-----
Short Blades   | 4 5 |  5.8
Fighting       | |  1.7
Throwing       | |  1.5
Dodging        | |  3.2

Action                   |  1- 3 |  4- 6 || total
-------------------------+-------+-------++-------
Melee: Rapier            |   105 |    20 ||   125
       Bite              |    12 |     5 ||    17
  Use: Potion            |       |     2 ||     2
 Stab: Sleeping          |     1 |       ||     1
Armor: Leather armour    |    26 |     9 ||    35
Dodge: Dodged            |    64 |     6 ||    70

Table legend: (Time is in decaauts)
 A = Elapsed time spent in this place.
 B = Non-inter-level travel time spent in this place.
 C = Inter-level travel time spent in this place.
 D = Time resting spent in this place.
 E = Time spent auto-exploring this place.
 F = Levels seen in this place.
 G = Mean time per level.
                   A        B        C        D        E       F      G
               +--------+--------+--------+--------+--------+-----+--------+
         Total |   1076 |   1018 |     58 |      0 |    741 |   3 |  358.7 |
       Dungeon |   1076 |   1018 |     58 |      0 |    741 |   3 |  358.7 |
               +--------+--------+--------+--------+--------+-----+--------+

Top non-repeatable levels by time:
     D:1: 620 daAuts
     D:2: 367 daAuts
     D:3: 88 daAuts
